 Dungeon Crawl Stone Soup version 0.25-a0-610-gd0df705f03 (webtiles) character file.

Game seed: 8486817537325040895, levelgen mode: deterministic

115 ipx the Chopper (level 5, -4/46 HPs)
             Began as a Hill Orc Fighter on Mar 17, 2020.
             Slain by a phantom (5 damage)
             ... on level 4 of the Dungeon.
             The game lasted 00:09:16 (534 turns).

ipx the Chopper (Hill Orc Fighter)                   Turns: 534, Time: 00:09:17

Health: -4/46      AC:  8    Str: 20    XL:     5   Next: 0%
Magic:  5/5        EV:  7    Int:  8    God:
Gold:   61         SH:  9    Dex: 10    Spells: 4/4 levels left

rFire    . . .     SeeInvis .   a - +0 war axe
rCold    . . .     Gourm    .   c - +0 kite shield
rNeg     . . .     Faith    .   b - +0 scale mail
rPois    .         Spirit   .   (no helmet)
rElec    .         Reflect  .   m - +0 cloak
rCorr    .         Harm     .   (no gloves)
MR       .....                  (no boots)
Stlth    ..........             (no amulet)
HPRegen  0.15/turn              (no ring)
MPRegen  0.09/turn              (no ring)

@: no status effects
A: no striking features
a: no special abilities


You were on level 4 of the Dungeon.
You were not hungry.

You visited 1 branch of the dungeon, and saw 4 of its levels.

You collected 61 gold pieces.

Inventory:

Hand Weapons
 a - a +0 war axe (weapon)
Armour
 b - a +0 scale mail (worn)
 c - a +0 kite shield (worn)
 m - a +0 cloak (worn)
Jewellery
 I - an uncursed ring of ice
Scrolls
 e - a scroll of remove curse
 g - a scroll of fog
 i - a scroll of teleportation {unknown}
Potions
 d - a potion of heal wounds {unknown}
 h - a potion of stabbing {unknown}
 j - a potion of flight {unknown}
 l - a potion of resistance
Comestibles
 f - 5 rations


   Skills:
 + Level 4.0 Fighting
 + Level 6.3 Axes
 - Level 3.2 Armour
 - Level 3.2 Shields


You had 4 spell levels left.
You didn't know any spells.
Your spell library was empty.

Dungeon Overview and Level Annotations

Branches:
Dungeon (4/15)
 Temple: D:4-7

Altars:
Gozag

Annotations:
D:4 1 runed translucent door, Crazy Yiuf, Menkaure


Message History

The phantom is moderately damaged.
A giant cockroach comes into view.
The phantom hits you.
* * * LOW HITPOINT WARNING * * *
You closely miss the phantom.
The phantom is moderately damaged.
The phantom hits you.
* * * LOW HITPOINT WARNING * * *
The giant cockroach barely misses you.
You slash the phantom!
The phantom is severely damaged.
You slash the giant cockroach!
You kill the giant cockroach!
You have reached level 5!
You feel stronger.
You feel a little less mighty now. The phantom hits you.
* * * LOW HITPOINT WARNING * * *
The phantom hits you.
You die...

...... ..... .
.... .. .
#...## ...
..##....###....
........#......
.
.#.....(.......
.
.......@.......
..
.......W.......
...
.....##..####..
... #... ....
... .#. #....
... # #...## ..
....# ....#
..## ....


You could see a phantom.

Vanquished Creatures
  An orc wizard (D:3)
  4 adders (D:3)
  2 dart slugs (D:1)
  3 leopard geckos
  4 orcs (D:3)
  2 giant cockroaches
  5 goblins
  6 hobgoblins
  A ball python (D:3)
  3 bats
  3 frilled lizards
  5 kobolds
  4 rats
43 creatures vanquished.

Notes
Turn   | Place    | Note
-------+----------+-------------------------------------------
     0 | D:1      | ipx the Hill Orc Fighter began the quest for the Orb.
     0 | D:1      | Reached XP level 1. HP: 19/19 MP: 1/1
    44 | D:1      | Reached skill level 3 in Axes
    64 | D:1      | Reached XP level 2. HP: 17/26 MP: 2/2
    68 | D:1      | Reached skill level 4 in Axes
   133 | D:2      | Found an opulent altar of Gozag.
   234 | D:2      | Reached XP level 3. HP: 31/31 MP: 3/3
   320 | D:3      | Found a faded altar of an unknown god.
   338 | D:3      | Reached skill level 5 in Axes
   379 | D:4      | Found a runed translucent door.
   380 | D:4      | Noticed Crazy Yiuf
   391 | D:4      | Noticed Menkaure
   442 | D:3      | Reached XP level 4. HP: 13/39 MP: 4/4
   474 | D:3      | Reached skill level 6 in Axes
   530 | D:4      | Noticed a phantom
   534 | D:4      | Reached XP level 5. HP: 6/46 MP: 5/5
   534 | D:4      | HP: 1/46 [phantom (5)]
   534 | D:4      | Slain by a phantom

Levels and vault maps discovered:
D:1:      eino_arrival_cavern_c, layout_basic, minmay_large_rounded_square,
          chequers_garden
D:2:      layout_loops_ring, zin_scriptorium, grunt_gozag_statues, uniq_robin,
          uniq_jessica
D:3:      layout_rooms, chequers_ecumenical_altar_simple_redux, serial_rivers,
          chequers_serial_rivers_small_3, chequers_serial_rivers_room_a,
          chequers_serial_rivers_room_b, chequers_serial_rivers_small_3,
          chequers_serial_rivers_large_a, chequers_serial_rivers_small_b
D:4:      layout_cave_pools, minmay_temple_entry_antechambers, tso_altar,
          uniq_menkaure, uniq_crazy_yiuf_cottage, uniq_sigmund

Skill      XL: |  1  2  3  4 |
---------------+-------------+-----
Axes           | 3 4 5 6 |  6.3
Fighting       | 4 |  4.0
Armour         | |  3.2
Shields        | |  3.2

Action                   |  1- 3 |  4- 6 || total
-------------------------+-------+-------++-------
Melee: War axe           |   102 |    17 ||   119
  Use: Potion            |     2 |     1 ||     3
       Scroll            |     2 |       ||     2
Armor: Scale mail        |    55 |     4 ||    59
Dodge: Dodged            |    38 |     1 ||    39
Block: Kite shield       |    74 |     2 ||    76

Table legend:
 A = Non-vault XP
 B = Vault XP
 C = Vault XP percentage of total XP
 D = Non-vault monster count
 E = Vault monster count
 F = Vault count percentage of total count
                 A         B        C        D         E       F
            +---------+---------+-------+---------+---------+-------
      Total |     157 |       8 |   4.8 |      39 |       4 |   9.3
            +---------+---------+-------+---------+---------+-------
        D:1 |      23 |       0 |   0.0 |      13 |       0 |   0.0
        D:2 |       9 |       8 |  47.1 |       5 |       4 |  44.4
        D:3 |     120 |       0 |   0.0 |      19 |       0 |   0.0
        D:4 |       5 |       0 |   0.0 |       2 |       0 |   0.0
            +---------+---------+-------+---------+---------+-------
